 Dungeon Crawl Stone Soup version 0.19-a0-27-g415f530 (webtiles) character file.

6457 jyri the Carver (level 10, -1/68 HPs)
             Began as a Demonspawn Gladiator on May 1, 2016.
             Was a Believer of Yredelemnul.
             Slain by a vampire (11 damage)
             ... on level 10 of the Dungeon.
             The game lasted 01:54:52 (13421 turns).

jyri the Carver (Demonspawn Gladiator)             Turns: 13421, Time: 01:54:53

Health: -1/68      AC: 20    Str: 19    XL:     10   Next: 67%
Magic:  18/18      EV: 15    Int:  9    God:    Yredelemnul [**....]
Gold:   484        SH:  0    Dex: 14    Spells: 0 memorised, 9 levels left

rFire  . . .     SeeInvis .     a - +1 falchion (elec)
rCold  + . .     Gourm    .     u - +3 scale mail
rNeg   . . .     Faith    .     (no shield)
rPois  .         Spirit   .     B - +1 helmet
rElec  .         Dismiss  .     M - +1 cloak
rCorr  .         Reflect  .     (no gloves)
SustAt .         Harm     .     c - +0 pair of boots
MR     .....                    (no amulet)
Stlth  ..........               T - +4 ring of evasion
                                (no ring)

@: exhausted, slowed, very slow, not resistant to hostile enchantments,
extremely unstealthy
A: iridescent scales 2, cold resistance 1
a: Animate Remains, Recall Undead Slaves, Injury Mirror, Renounce Religion


You were on level 10 of the Dungeon.
You worshipped Yredelemnul.
Yredelemnul was pleased with you.
You were very hungry.

You visited 2 branches of the dungeon, and saw 12 of its levels.

You collected 520 gold pieces.
You spent 36 gold pieces at shops.

Inventory:

Hand Weapons
 a - a +1 falchion of electrocution (weapon)
 b - a +2 shortbow of flaming
 S - the +6 mace of the Unspeakable One {flame, rPois rC+}
   (You found it on level 8 of the Dungeon)

   It has been specially enchanted to burn those struck by it, causing extra
   injury to most foes and up to half again as much damage against particularly
   susceptible opponents.
   It protects you from cold.
   It protects you from poison.
Missiles
 k - 237 arrows
 z - 2 throwing nets (quivered)
Armour
 c - a +0 pair of boots (worn)
 u - a +3 scale mail (worn)
 B - a +1 helmet (worn)
 M - a +1 cloak (worn)
Jewellery
 T - a +4 ring of evasion (right hand)
 W - an uncursed ring of ice
Wands
 e - a wand of confusion (24/48)
 y - a wand of lightning (11/15)
 A - a wand of digging (18/24)
 J - a wand of slowing (6/48)
 N - a wand of polymorph (9/24)
 X - a wand of slowing (35/48)
Scrolls
 m - 5 scrolls of remove curse
 o - 4 scrolls of teleportation
 r - a scroll of magic mapping {unknown}
 s - 4 scrolls of recharging {unknown}
 t - a scroll of torment {unknown}
 v - a scroll of amnesia {unknown}
 F - a scroll of immolation {unknown}
 G - a scroll of blinking {unknown}
 I - 2 scrolls of fog {unknown}
 K - 2 scrolls of enchant weapon {unknown}
 L - a scroll of random uselessness {unknown}
 O - a scroll of brand weapon {unknown}
 Q - a scroll of enchant armour {unknown}
 U - 2 scrolls of vulnerability {unknown}
 V - a scroll of fear
Potions
 d - a potion of berserk rage
 g - a potion of agility
 i - a potion of degeneration {unknown}
 j - a potion of resistance
 l - a potion of might {unknown}
 p - a potion of ambrosia {unknown}
 w - 4 potions of curing
 D - a potion of cure mutation {unknown}
 E - a potion of heal wounds {unknown}
 H - a potion of flight {unknown}
 P - a potion of mutation {unknown}
 R - 2 potions of haste {unknown}
 Z - a potion of magic {unknown}
Comestibles
 f - 3 meat rations
 h - 10 slices of pizza
 n - 5 beef jerkies
 q - a royal jelly
 x - 5 bread rations


   Skills:
 - Level 2.7 Fighting
 * Level 12.2 Long Blades
   Level 0.3(1.2) Slings
 - Level 1.9(2.0) Throwing
 - Level 1.0 Armour
 - Level 3.5 Dodging
 - Level 0.2 Stealth
 - Level 11.0 Invocations


You had 9 spell levels left.
You didn't know any spells.

Dungeon Overview and Level Annotations

Branches:
Dungeon (11/15)            Temple (1/1) D:4            Lair (0/8) D:10
    Orc: D:9-12

Altars:
Ashenzari
Cheibriados
Dithmenos
Elyvilon
Gozag
Kikubaaqudgha
Makhleb
Nemelex Xobeh
Okawaru
Pakellas
Qazlal
Ru
Sif Muna
Trog
Vehumet
Xom
Yredelemnul
Zin
The Shining One

Shops:
D:4 =   D:10 *

Annotations:
D:5 Sigmund


Innate Abilities, Weirdness & Mutations

You are mostly covered in iridescent scales (AC +6).
Your flesh is cold resistant.


Message History

A red film seems to cover your vision as you go berserk!
You feel yourself moving faster!
You feel mighty! Something hits you but does no damage.
Something bites you but does no damage. Something hits you.
* * * LOW HITPOINT WARNING * * *
Something barely misses you.
You feel a strong urge to attack something.
You feel your anger subside.
You are no longer berserk.
You are exhausted.
You feel yourself slow down.
You are feeling hungry.
There is an escape hatch in the ceiling here.
Unholy energy fills the air.
* * * LOW HITPOINT WARNING * * *
A mysterious force pulls you upwards. The hatch slams shut behind you.
You are feeling very hungry.
Drink which item? (? for menu, Esc to quit)
You feel better. Something barely misses you. Something bites you!
You die...
Your body rises from the dead as a mindless zombie.

###################
#..................
#.....[...Z##......
#..##..#...##..####
#..##Z.#...##..#
#.@##.Z#.[.##..#
#..##.Z#...##..#
#..##..#...##..#
#..##..#...##..#
#..##..#...##..#
#..##..#...##..#
#......#...##..#
#......#...##..####
#......#...##......


There were no monsters in sight!

Vanquished Creatures
  An unseen horror (D:10)
  Maurice (D:7)
  A centaur skeleton (D:11)
  2 trolls
  Prince Ribbit (D:7)
  A vampire (D:9)
  A wyvern (D:10)
  3 hippogriffs
  A human (D:8)
  A hog (D:8)
  Edmund (D:4)
  A water moccasin (D:6)
  Duvessa (D:6)
  2 ice beasts
  An orc warrior (D:11)
  4 sky beasts
  2 ogres
  4 centaurs
  2 phantoms (D:8)
  A crocodile (D:11)
  2 big kobolds
  9 giant frogs
  Dowan (D:6)
  A giant frog zombie (D:6)
  A jelly (D:9)
  4 crimson imps
  2 hounds
  A quasit (D:7)
  10 orc wizards
  2 giant frog skeletons
  3 orc priests
  5 iguanas
  4 worker ants
  A sheep (D:8)
  A hound zombie (D:5)
  2 hound skeletons
  16 adders
  3 shadow imps
  4 oozes
  An adder skeleton (D:8)
  4 worms
  A dart slug (D:3)
  4 giant geckos
  30 orcs
  3 ball pythons
  7 giant cockroaches
  7 goblins
  4 hobgoblins
  16 jackals
  5 quokkas
  7 bats
  A giant gecko skeleton (D:5)
  5 giant newts
  A jackal skeleton (D:8)
  9 kobolds
  5 rats
  A rat zombie (D:3)
215 creatures vanquished.

Vanquished Creatures (collateral kills)
  2 yaks (D:8)
  2 ogres
  A troll zombie (D:9)
  A centaur skeleton (D:11)
  An orc wizard (D:9)
  A shadow imp (D:9)
  A giant gecko (D:9)
  2 orcs (D:9)
11 creatures vanquished.

Vanquished Creatures (others)
  A hippogriff zombie (D:10)
  3 giant frog zombies
  A worker ant zombie (D:11)
  A jackal zombie (D:11)
  2 kobold zombies (D:10)
  5 orc zombies
13 creatures vanquished.

Grand Total: 239 creatures vanquished

Notes
Turn   | Place    | Note
--------------------------------------------------------------
     0 | D:1      | jyri the Demonspawn Gladiator began the quest for the Orb.
     0 | D:1      | Reached XP level 1. HP: 16/16 MP: 1/1
   330 | D:1      | Gained mutation: You are partially covered in iridescent scales (AC +4). [demonic ancestry]
   330 | D:1      | Reached XP level 2. HP: 19/22 MP: 2/2
   655 | D:1      | Reached skill level 3 in Long Blades
  1116 | D:1      | Reached XP level 3. HP: 27/27 MP: 3/3
  1550 | D:2      | Found a sacrificial altar of Ru.
  1580 | D:2      | Found a shattered altar of Ashenzari.
  1580 | D:2      | Found a snail-covered altar of Cheibriados.
  1632 | D:3      | Found a white marble altar of Elyvilon.
  1647 | D:3      | Gained mutation: Your flesh is cold resistant. [demonic ancestry]
  1647 | D:3      | Reached XP level 4. HP: 34/34 MP: 4/4
  2023 | D:3      | Found an ancient bone altar of Kikubaaqudgha.
  2258 | D:2      | Reached skill level 1 in Armour
  2467 | D:2      | Reached XP level 5. HP: 39/39 MP: 5/5
  2798 | D:3      | Reached skill level 4 in Long Blades
  3672 | D:4      | Found a staircase to the Ecumenical Temple.
  3691 | Temple   | Entered the Ecumenical Temple
  3846 | Temple   | Became a worshipper of Yredelemnul the Dark
  3939 | Temple   | Reached skill level 5 in Long Blades
  3971 | D:4      | Reached skill level 1 in Invocations
  3971 | D:4      | Reached XP level 6. HP: 46/46 MP: 7/7
  4350 | D:4      | Found a shadowy altar of Dithmenos.
  4466 | D:4      | Found Resypiw's Jewellery Shoppe.
  5006 | D:5      | Entered Level 5 of the Dungeon
  5028 | D:5      | Noticed Edmund
  5160 | D:5      | Noticed a sky beast
  5172 | D:4      | Killed Edmund
  5172 | D:4      | Gained mutation: You are mostly covered in iridescent scales (AC +6). [demonic ancestry]
  5172 | D:4      | Reached XP level 7. HP: 18/51 MP: 10/10
  5377 | D:5      | Reached skill level 6 in Long Blades
  5650 | D:5      | Reached skill level 5 in Invocations
  5821 | D:5      | Noticed Sigmund
  6447 | D:6      | Reached XP level 8. HP: 34/57 MP: 12/12
  6448 | D:6      | Noticed Dowan
  7152 | D:6      | Reached skill level 7 in Long Blades
  7173 | D:6      | Noticed Duvessa
  7200 | D:6      | Killed Duvessa
  7224 | D:6      | Killed Dowan
  8168 | D:7      | Found a deep blue altar of Sif Muna.
  8517 | D:7      | Reached skill level 8 in Long Blades
  9069 | D:7      | Reached XP level 9. HP: 56/62 MP: 15/15
  9617 | D:8      | Noticed Prince Ribbit
  9644 | D:8      | Noticed Maurice
  9661 | D:7      | Killed Prince Ribbit
  9661 | D:7      | Reached * piety under Yredelemnul
  9754 | D:7      | Killed Maurice
  9754 | D:7      | Reached skill level 9 in Long Blades
  9754 | D:7      | Reached skill level 10 in Invocations
  9881 | D:8      | Got a crude mace
  9882 | D:8      | Identified the +6 mace of the Unspeakable One {flame, rPois rC+} (You found it on level 8 of the Dungeon)
 10423 | D:8      | Reached skill level 10 in Long Blades
 10920 | D:8      | Reached XP level 10. HP: 63/68 MP: 18/18
 11137 | D:9      | Found a stormy altar of Qazlal.
 11629 | D:9      | Found a shimmering altar of Xom.
 11630 | D:9      | Found a shimmering altar of Xom.
 11631 | D:9      | Found a shimmering altar of Xom.
 11684 | D:9      | Found a shimmering altar of Xom.
 11836 | D:9      | Reached skill level 11 in Long Blades
 12119 | D:10     | Entered Level 10 of the Dungeon
 12119 | D:10     | Found Nooblos's Hallowed Reliquary.
 12119 | D:10     | Found a glowing silver altar of Zin.
 12119 | D:10     | Noticed an angel
 12124 | D:10     | Bought a potion of curing for 36 gold pieces
 12151 | D:10     | Found a staircase to the Lair.
 12528 | D:10     | Reached ** piety under Yredelemnul
 12677 | D:10     | Noticed an unseen horror
 12712 | D:10     | Killed an unseen horror
 13034 | D:11     | Reached skill level 12 in Long Blades
 13419 | D:11     | HP: 2/68 [something/vampiric draining (16)]
 13421 | D:10     | Slain by a vampire

Vault maps used:
D:1:      dpeg_arrival_stonehenge_8_columns
D:2:      nicolae_overflow_hidden_temple, nicolae_ru_sacrificial_ziggurat
D:3:      nicolae_overflow_crystal_walls, lemuel_zombie_altar_kikubaaqudgha,
          kennysheep_generic_room_6
D:4:      lemuel_coloured_pillars_altar, minmay_temple_entry_purple_smoke,
          serial_co_window_serial, co_window_corner_a, co_window_paths_a,
          co_window_corner_a, co_window_of_opportunity_a, co_window_corner_a,
          co_window_broadway_c, co_window_cross_2, co_window_cross_2,
          co_window_corner_b, co_window_2corner, co_window_corner_ca,
          co_window_unsneaky_path_c, serial_shops, nicolae_shop_stone,
          first_bread
D:5:      fedhas_altar_2, uniq_edmund, uniq_sigmund
D:6:      uniq_duvessa
D:7:      old_standard_altar
D:8:      grunt_livestock, moated_statue, uniq_maurice, uniq_prince_ribbit1
D:9:      kennysheep_little_box, xom_redecorated
D:10:     lair_0_dummy, nicolae_good_shop
D:11:     hangedman_cross_veins
Temple:   circular_temple_12

Skill      XL: |  1  2  3  4  5  6  7  8  9 10 |
---------------+-------------------------------+-----
Dodging        | 3 |  3.5
Long Blades    | 3 5 6 8 10 12 | 12.2
Armour         | 1 |  1.0
Invocations    | 1 4 6 9 11 | 11.0
Fighting       | |  2.7
Slings         | |  0.3
Throwing       | |  1.9
Stealth        | |  0.2

Action                   |  1- 3 |  4- 6 |  7- 9 | 10-12 || total
-------------------------+-------+-------+-------+-------++-------
Melee: Long sword        |   134 |   251 |   107 |       ||   492
       Falchion          |       |       |   307 |   195 ||   502
 Fire: Hunting sling     |    14 |    25 |    24 |       ||    63
       Shortbow          |       |       |     6 |    18 ||    24
Throw: Throwing net      |       |     3 |     2 |       ||     5
Invok: Animate Remains   |       |       |     5 |    15 ||    20
       Recall Undead Sla |       |       |       |     2 ||     2
Evoke: Wand              |       |     2 |       |       ||     2
  Use: Scroll            |       |     5 |     4 |     1 ||    10
       Potion            |       |       |     1 |     5 ||     6
 Stab: Distracted        |       |       |     2 |       ||     2
  Eat: Bread ration      |     1 |       |     3 |       ||     4
       Chunk             |       |     7 |     3 |     4 ||    14
       Royal jelly       |       |     1 |     1 |     1 ||     3
       Fruit             |       |       |     3 |     3 ||     6
Armor: Chain mail        |   104 |   171 |   265 |    53 ||   593
       Leather armour    |     8 |       |       |       ||     8
       Scale mail        |       |       |       |    44 ||    44
Dodge: Dodged            |    72 |   114 |   193 |   117 ||   496
